 Dungeon Crawl Stone Soup version 0.31-a0-246-g8cbcc1cb85 (webtiles) character file.

Game seed: 11834225397905610559

408 qw the Shooter (level 6, -7/38 HPs)
             Began as a Gargoyle Hexslinger on July 12, 2023.
             Mangled by a two-headed ogre
             ... wielding a +0 giant club
              (22 damage)
             ... on level 5 of the Dungeon.
             The game lasted 00:01:24 (4575 turns).

qw the Shooter (Gargoyle Hexslinger)                Turns: 4575, Time: 00:01:24

Health: -7/38      AC: 11    Str: 11    XL:     6   Next: 88%
Magic:  7/7        EV: 10    Int: 14    God:
Gold:   240        SH:  0    Dex: 14    Spells: 6/7 levels left

rFire   . . .        Y - +2 sling
rCold   . . .        (no shield)
rNeg    + . .        b - +0 ring mail
rPois   inf          (no helmet)
rElec   +            k - +0 cloak
rCorr   .            f - +0 pair of gloves
SInv    .            (no boots)
Will    .....        (no amulet)
Stlth   +            (no ring)
HPRegen 0.26/turn    (no ring)
MPRegen 0.10/turn

%: no passive effects
@: no status effects
A: sickness immunity, AC +4, negative energy resistance 1, electricity
resistance, torment resistance 1, petrification resistance
a: no special abilities


You were on level 5 of the Dungeon.
You visited 1 branch of the dungeon, and saw 5 of its levels.
You also visited: Sewer.

You collected 240 gold pieces.


Innate Abilities, Weirdness & Mutations

You are immune to sickness and miasma.
Your stone body is resilient. (AC +4)
You are immune to poison.
You resist negative energy. (rN+)
You are resistant to electric shocks. (rElec)
You are resistant to unholy torment.
You are immune to petrification.


   Skills:
 - Level 4.0 Fighting
 + Level 5.9 Ranged Weapons
 - Level 1.0 Armour
 - Level 1.5 Dodging
 - Level 1.0 Spellcasting
 - Level 2.6 Hexes


You had 6 spell levels left.
You knew the following spells:

 Your Spells              Type           Power      Damage    Failure   Level
a - Slow                  Hex            32%        N/A       21%         1

Your spell library contained the following spells:

 Spells                   Type           Power      Damage    Failure   Level
 Inner Flame              Hex/Fire       4%         N/A       71%         3
 Portal Projectile        Hex/Tloc       8%         N/A       71%         3
 Cause Fear               Hex            4%         N/A       90%         4

Inventory:

Hand Weapons
 Y - a +2 sling (weapon)
Armour
 b - a +0 ring mail (worn)
 f - a +0 pair of gloves (worn)
 k - a +0 cloak (worn)
Scrolls
 a - a scroll of identify
Potions
 c - a potion of resistance
 d - a potion of haste
 g - a potion of brilliance {unknown}
 h - 2 potions of cancellation {unknown}
 i - a potion of lignification {unknown}
 j - a potion of attraction {unknown}
 l - a potion of berserk rage {unknown}

Dungeon Overview and Level Annotations

Branches:
Dungeon (5/15)              Sewer (visited)
 Temple: D:4-7

Altars:
Ashenzari
Kikubaaqudgha

Shops:
D:4 =


Message History

You shoot a sling bullet. The sling bullet hits Blork the orc.
You kill Blork the orc!
You feel your dexterity returning.
You start resting.
HP restored.
You open the door.
Found a chain mail.
There is an open door here.
You open the door.
There is an open door here.
You now have 240 gold pieces (gained 11).
A two-headed ogre comes into view.
It is wielding a +0 giant club and a +0 giant spiked club.
Found a wand of iceblast (5).
The two-headed ogre shouts in stereo!
You shoot a sling bullet.
The sling bullet closely misses the two-headed ogre.
You shoot a sling bullet.
The sling bullet hits the two-headed ogre but does no damage.
You shoot a sling bullet.
The sling bullet hits the two-headed ogre.
The two-headed ogre is lightly wounded.
You shoot a sling bullet.
The sling bullet hits the two-headed ogre.
The two-headed ogre is lightly wounded.
The two-headed ogre barely misses you. x2
You shoot a sling bullet.
The sling bullet hits the two-headed ogre!
The two-headed ogre is moderately wounded.
You shoot a sling bullet.
The sling bullet hits the two-headed ogre but does no damage.
The two-headed ogre is moderately wounded.
The two-headed ogre hits you with a +0 giant club!!
Ouch! That really hurt!
The two-headed ogre misses you.
You shoot a sling bullet.
The sling bullet barely misses the two-headed ogre.
The two-headed ogre barely misses you.
The two-headed ogre hits you with a +0 giant spiked club!!
Ouch! That really hurt!
You die...

### ##+# #.. ##...## #.#
##.....## #.# ##
##.......## ##.##..###
##.........####.........
.+....[....'....@....$./
##.........####.O.##.##.
#.......## ##.....#
##.....## ##.####
##...## .# ##'## .. #.#
.## #.# .# ##.##


You could see a two-headed ogre.

Vanquished Creatures
  Pargi (Sewer)
  Blork the orc (D:5)
  A scorpion (D:4)
  Ijyb (D:5)
  An orc wizard (D:3)
  5 adders
  A dart slug (D:4)
  10 orcs
  5 bats
  6 endoplasms
  6 giant cockroaches
  12 goblins
  11 hobgoblins
  3 jackals (D:3)
  3 kobolds
  5 quokkas
  7 ball pythons
  A frilled lizard (D:1)
  6 rats
86 creatures vanquished.

Notes
Turn   | Place    | Note
-------+----------+-------------------------------------------
     0 | D:1      | qw the Gargoyle Hexslinger began the quest for the Orb.
     0 | D:1      | Reached XP level 1. HP: 12/12 MP: 2/2
     0 | D:1      | 0 ||| qw: Version: 0.3-a-52-g30416fa
     0 | D:1      | 0 ||| qw: Game counter: 6540
     0 | D:1      | 0 ||| qw: Melee chars always use a shield: true
     0 | D:1      | 0 ||| qw: God list: Okawaru
     0 | D:1      | 0 ||| qw: Allow faded altars: false
     0 | D:1      | 0 ||| qw: Do Orc after clearing Dungeon:15 true
     0 | D:1      | 0 ||| qw: Do second Lair branch before Depths: true
     0 | D:1      | 0 ||| qw: Lair rune preference: random
     0 | D:1      | 0 ||| qw: Goals: Normal
     0 | D:1      | 0 ||| PLANNING D:1-11
   167 | D:1      | Reached XP level 2. HP: 9/16 MP: 3/3
   380 | D:1      | Reached skill level 3 in Ranged Weapons
   757 | D:1      | Reached XP level 3. HP: 21/21 MP: 4/4
   798 | D:1      | 798 ||| UPGRADING to +0 pair of gloves.
   803 | D:1      | 803 ||| READING scroll labelled PUEV WICAEMEO.
   804 | D:1      | 804 ||| READING scroll labelled QUS VEIGACEA.
   809 | D:1      | 809 ||| DRINKING 2 golden potions.
   810 | D:1      | 810 ||| DROPPING scroll of poison.
  1106 | D:2      | Found a faded altar of an unknown god.
  1583 | D:2      | Found an ancient bone altar of Kikubaaqudgha.
  1737 | D:2      | 1737 ||| UPGRADING to +0 ring mail.
  1747 | D:2      | 1747 ||| DROPPING +0 robe.
  1748 | D:2      | 1748 ||| READING scroll labelled OQUOKK CAMI.
  1749 | D:2      | 1749 ||| READING scroll labelled QUFFEA SOYMEDGH.
  1850 | D:2      | 1850 ||| READING scroll labelled XUOGES YLOBOTAI.
  1851 | D:2      | 1851 ||| DRINKING 2 sapphire potions.
  1924 | D:3      | Reached skill level 1 in Armour
  1998 | D:3      | Reached XP level 4. HP: 23/26 MP: 5/5
  2101 | D:3      | 2101 ||| DRINKING potion of curing.
  2101 | D:3      | 2101 ||| (to cure confusion)
  2103 | D:3      | Reached skill level 4 in Ranged Weapons
  2629 | D:3      | Reached XP level 5. HP: 30/30 MP: 6/6
  2883 | D:3      | 2883 ||| READING scroll labelled HUERIQ EBEMM.
  2884 | D:3      | 2884 ||| READING scroll labelled FODECY AK HAC.
  2928 | D:4      | 2928 ||| PLANNING SEWER
  2932 | D:4      | Found a broken altar of Ashenzari.
  3147 | D:4      | Found Vuetu's Jewellery Shoppe.
  3155 | D:4      | 3155 ||| SHOPLISTING +4 ring of slaying (936 gold, have
                  | 173).
  3155 | D:4      | 3155 ||| SHOPLISTING +6 ring of strength (432 gold, have
                  | 173).
  3155 | D:4      | 3155 ||| SHOPLISTING ring "Facuywk" {Dex+7 Slay+4} (1196
                  | gold, have 173).
  3241 | D:4      | Reached skill level 5 in Ranged Weapons
  3558 | D:4      | Found a glowing drain.
  3565 | D:4      | 3565 ||| READING scroll labelled OGUSOIDADU.
  3566 | D:4      | 3566 ||| DRINKING 2 fizzy sapphire potions.
  3567 | D:4      | 3567 ||| READING 2 scrolls of identify.
  3567 | D:4      | 3567 ||| IDENTIFYING red potion
  3568 | D:4      | 3568 ||| DROPPING potion of degeneration.
  3582 | D:4      | Reached XP level 6. HP: 36/36 MP: 7/7
  3583 | Sewer    | Entered a sewer
  3639 | Sewer    | Noticed Pargi
  3654 | Sewer    | HP: 8/36 [Pargi (2)]
  3654 | Sewer    | HP: 3/36 [Pargi (5)]
  3655 | Sewer    | 3655 ||| READING scroll of teleportation.
  3656 | Sewer    | 3656 ||| DRINKING 2 potions of heal wounds.
  3708 | Sewer    | Killed Pargi
  3873 | Sewer    | 3873 ||| READING scroll labelled MIMESES HAEH.
  3874 | Sewer    | 3874 ||| READING 2 scrolls of identify.
  3874 | Sewer    | 3874 ||| IDENTIFYING green potion
  3890 | D:4      | 3890 ||| PLANNING D:1-11
  4231 | D:4      | 4231 ||| UPGRADING to +0 cloak.
  4236 | D:4      | 4236 ||| READING scroll labelled UMMYOWERCHA.
  4262 | D:5      | Entered Level 5 of the Dungeon
  4273 | D:5      | Noticed Ijyb
  4278 | D:5      | Paralysed by Ijyb for 5 turns
  4288 | D:5      | Paralysed by Ijyb for 4 turns
  4294 | D:5      | Paralysed by Ijyb for 2 turns
  4300 | D:5      | Paralysed by Ijyb for 3 turns
  4309 | D:5      | Paralysed by Ijyb for 4 turns
  4315 | D:5      | Killed Ijyb
  4405 | D:5      | Noticed Blork the orc
  4410 | D:5      | HP: 4/38 [Blork the orc/puff of flame (6)]
  4411 | D:5      | 4411 ||| DRINKING potion of heal wounds.
  4419 | D:5      | HP: 9/38 [Blork the orc/+0 battleaxe (6)]
  4421 | D:5      | Killed Blork the orc
  4568 | D:5      | Noticed a two-headed ogre
  4575 | D:5      | Mangled by a two-headed ogre

Levels and vault maps discovered:
D:1:      wander_arrival_abandoned_jail, layout_basic
D:2:      layout_basic, chequers_ecumenical_altar_lobes, basic_altar,
          minmay_pentomino_w2
D:3:      layout_basic, st_stairs_6
D:4:      layout_loops_corners, ashenzari_altar_1, portal_sewer_entry_a,
          minmay_shop_enchanted_jewellery
D:5:      layout_loops_corners, mainiacjoe_overflow_chevrons,
          nemelex_diamond_rough_becter, serial_shops, nicolae_take_the_stairs,
          uniq_ijyb, uniq_blork_the_orc

Skill      XL: |  1  2  3  4  5  6 |
---------------+-------------------+-----
Ranged Weapons | 3 4 5 |  5.9
Fighting       | 2 4 |  4.0
Armour         | 1 |  1.0
Dodging        | |  1.5
Spellcasting   | |  1.0
Hexes          | |  2.6

Action                     |  1- 3 |  4- 6 || total
---------------------------+-------+-------++-------
   Fire: Sling             |    91 |   233 ||   324
    Use: Scroll            |     5 |     8 ||    13
         Potion            |     2 |     4 ||     6
 Armour: Robe              |     4 |       ||     4
         Ring mail         |     5 |   140 ||   145
  Dodge: Dodged            |    26 |   101 ||   127

Table legend:
 A = Non-vault XP
 B = Vault XP
 C = Vault XP percentage of total XP
 D = Non-vault monster count
 E = Vault monster count
 F = Vault count percentage of total count
                 A         B        C        D         E       F
            +---------+---------+-------+---------+---------+-------
      Total |     299 |     285 |  48.8 |      72 |      14 |  16.3
            +---------+---------+-------+---------+---------+-------
        D:1 |      36 |       0 |   0.0 |      20 |       0 |   0.0
        D:2 |      11 |       4 |  26.7 |       8 |       2 |  20.0
        D:3 |     112 |       2 |   1.8 |      22 |       1 |   4.3
        D:4 |     140 |      18 |  11.4 |      22 |       4 |  15.4
        D:5 |       0 |     123 | 100.0 |       0 |       2 | 100.0
      Sewer |       0 |     138 | 100.0 |       0 |       5 | 100.0
            +---------+---------+-------+---------+---------+-------
